 Dungeon Crawl Stone Soup version 0.28-a0-245-g639a1a48b9 (webtiles) character file.

Game seed: 3196658069790531190

53 AarnesTheHuman the Skirmisher (level 4, -1/37 HPs)
             Began as a Formicid Abyssal Knight on Aug 25, 2021.
             Was a Believer of Lugonu.
             Slain by Sigmund (3 damage)
             ... on level 2 of the Dungeon.
             The game lasted 00:02:48 (1420 turns).

AarnesTheHuman the Skirmisher (FoAK)                Turns: 1420, Time: 00:02:49

Health: -1/37      AC:  6    Str: 17    XL:     4   Next: 10%
Magic:  6/6        EV:  9    Int: 12    God:    Lugonu [**....]
Gold:   71         SH:  0    Dex: 10    Spells: 3/3 levels left

rFire   . . .      SeeInvis +   n - +0 dagger (venom)
rCold   . . .      Faith    .   (no shield)
rNeg    . . .      Spirit   .   h - +0 scale mail
rPois   .          Reflect  .   (helmet unavailable)
rElec   .          Harm     .   (no cloak)
rCorr   .          Rampage  .   (no gloves)
Will    .....                   (no boots)
Stlth   ..........              (no amulet)
HPRegen 0.12/turn               d - +4 ring of slaying
MPRegen 0.10/turn               (no ring)

@: no status effects
A: permanent stasis, dig shafts and tunnels, antennae 3, four strong arms
a: Dig, Shaft Self, Renounce Religion, Depart the Abyss, Bend Space


You were on level 2 of the Dungeon.
You worshipped Lugonu.
Lugonu was pleased with you.
You visited 1 branch of the dungeon, and saw 2 of its levels.
You visited the Abyss 1 time.

You collected 71 gold pieces.

Inventory:

Hand Weapons
 a - a +1 spear
 n - a +0 dagger of venom (weapon)
Armour
 b - a +0 leather armour
 h - a +0 scale mail (worn)
Jewellery
 d - a +4 ring of slaying (left hand)
 l - a ring of poison resistance
Scrolls
 c - 2 scrolls of silence {unknown}
 e - 5 scrolls of identify {unknown}
 i - a scroll of torment {unknown}
 j - a scroll of amnesia {unknown}
 k - a scroll of magic mapping {unknown}
 m - a scroll of teleportation {unknown}
Potions
 f - a potion of invisibility {unknown}
 g - 2 potions of heal wounds {unknown}


   Skills:
 + Level 3.8 Fighting
 + Level 2.6 Polearms
 + Level 2.9 Armour
 - Level 0.8 Dodging
 + Level 3.0 Invocations


You had 3 spell levels left.
You didn't know any spells.
Your spell library contained the following spells:

 Spells                   Type           Power      Damage    Failure   Level
 Corona                   Hex            0%         N/A       73%         1
 Ensorcelled Hibernation  Hex/Ice        0%         N/A       86%         2
 Tukima's Dance           Hex            0%         N/A       97%         3


Dungeon Overview and Level Annotations

Branches:
Dungeon (2/15)

Altars:

Annotations:
D:2 Sigmund


Innate Abilities, Weirdness & Mutations

You cannot be hasted, slowed, berserked, paralysed or teleported.
You can dig through walls and to a lower floor.
You have a pair of large antennae on your head. (SInv)
Your four strong arms can wield two-handed weapons with a shield.


Message History

Sigmund points at you and mumbles some strange words.
You resist with some effort.
You closely miss Sigmund.
Sigmund is lightly wounded.
Sigmund barely misses you.
You puncture Sigmund!
Sigmund is moderately wounded.
Sigmund gestures at you while chanting.
You are confused.
You bump into the rock wall.
Sigmund closely misses you.
You barely miss Sigmund.
Sigmund is moderately wounded.
You miss Sigmund.
Sigmund is moderately wounded.
Sigmund hits you with a +2 scythe of freezing!
Sigmund freezes you.
* * * LOW HITPOINT WARNING * * *
You hit Sigmund.
Sigmund is poisoned.
Sigmund is moderately wounded.
Sigmund hits you but does no damage.
You hit Sigmund.
Sigmund looks as sick as possible!
Sigmund is heavily wounded.
You feel less confused.
You hit Sigmund.
Sigmund looks as sick as possible!
Sigmund is severely wounded.
Sigmund hits you with a +2 scythe of freezing.
* * * LOW HITPOINT WARNING * * *
Sigmund freezes you.
* * * LOW HITPOINT WARNING * * *
You closely miss Sigmund.
Sigmund is severely wounded.
Sigmund barely misses you.
You closely miss Sigmund.
Sigmund is severely wounded.
You barely miss Sigmund.
Sigmund is severely wounded.
Sigmund hits you with a +2 scythe of freezing.
* * * LOW HITPOINT WARNING * * *
Sigmund freezes you.
You die...

#..##....## #.#
#..##.....## #.#
#..#.......########
#.#
..................
..#......_########
..##.....## ##<..##
### ##.## ##### #.
... #.# ##.@@# #.
#.###.###...... ##.
#.##.## .##.. ..
#....# .. #. #..#.#
.# #.#### #..##.# #
#..... #..# #..
##..#. ...# #.#
#.#.. ###.# #.#
#.##.


You could see Sigmund (invisible, extremely poisoned).

Vanquished Creatures
  2 adders (D:2)
  2 endoplasms (D:1)
  4 giant cockroaches (D:1)
  4 goblins
  4 hobgoblins
  2 jackals (D:2)
  A quokka (D:2)
  2 ball pythons
  3 bats (D:1)
  4 frilled lizards
  3 kobolds
  2 rats
33 creatures vanquished.

Notes
Turn   | Place    | Note
-------+----------+-------------------------------------------
     0 | Abyss:1  | AarnesTheHuman the Formicid Abyssal Knight began the quest
                  | for the Orb.
     0 | Abyss:1  | Reached XP level 1. HP: 18/18 MP: 2/2
    36 | D:1      | Escaped the Abyss
   410 | D:1      | Reached XP level 2. HP: 24/24 MP: 3/3
   720 | D:1      | Reached XP level 3. HP: 29/29 MP: 3/5
  1190 | D:2      | Reached ** piety under Lugonu
  1286 | D:2      | Reached XP level 4. HP: 37/37 MP: 6/6
  1380 | D:2      | Found a faded altar of an unknown god.
  1403 | D:2      | Noticed Sigmund
  1420 | D:2      | Slain by Sigmund

Illustrated notes

Levels and vault maps discovered:
D:1:      wander_arrival_lonely_grave, layout_loops_corners,
          corexii_corridor_pit
D:2:      layout_loops_ring, basic_ecumenical_altar, minmay_stone_trees_small,
          uniq_sigmund

Skill      XL: |  1  2  3 |
---------------+----------+-----
Invocations    | 3 |  3.0
Fighting       | |  3.8
Polearms       | |  2.6
Armour         | |  2.9
Dodging        | |  0.8

Action                   |  1- 3 |  4- 6 || total
-------------------------+-------+-------++-------
Melee: Spear             |    68 |    19 ||    87
       Dagger            |       |    10 ||    10
 Stab: Sleeping          |     1 |       ||     1
Armor: Leather armour    |     1 |       ||     1
       Scale mail        |    14 |     5 ||    19
Dodge: Dodged            |    19 |     9 ||    28

Table legend: (Time is in decaauts)
 A = Elapsed time spent in this place.
 B = Non-inter-level travel time spent in this place.
 C = Inter-level travel time spent in this place.
 D = Time resting spent in this place.
 E = Time spent auto-exploring this place.
 F = Levels seen in this place.
 G = Mean time per level.
                   A        B        C        D        E       F      G
               +--------+--------+--------+--------+--------+-----+--------+
         Total |   1418 |   1382 |     36 |     84 |   1014 |   3 |  472.7 |
       Dungeon |   1382 |   1346 |     36 |     84 |   1000 |   2 |  691.0 |
         Abyss |     36 |     36 |      0 |      0 |     14 |   1 |   36.0 |
               +--------+--------+--------+--------+--------+-----+--------+

Top non-repeatable levels by time:
     D:1: 933 daAuts
     D:2: 448 daAuts
 Abyss:1: 36 daAuts
